 Dungeon Crawl Stone Soup version 0.30-b1-2-g02819fbbbe (webtiles) character file.

Game seed: 15333717597348075545

68 Alarkh the Slasher (level 4, 30/33 HPs)
             Began as a Demonspawn Warper on May 22, 2023.
             Got out of the dungeon alive.
             The game lasted 00:01:08 (731 turns).

Alarkh the Slasher (Demonspawn Warper)               Turns: 731, Time: 00:01:09

Health: 30/33      AC:  3    Str: 11    XL:     4   Next: 1%
Magic:  7/7        EV: 11    Int: 17    God:
Gold:   70         SH:  3    Dex: 12    Spells: 7/7 levels left

rFire   . . .        a - +0 falchion
rCold   . . .        k - +0 buckler
rNeg    . . .        b - +0 leather armour
rPois   .            (helmet restricted)
rElec   .            (no cloak)
rCorr   .            (no gloves)
SInv    .            (no boots)
Will    .....        (no amulet)
Stlth   +            (no ring)
HPRegen 0.25/turn    (no ring)
MPRegen 0.10/turn

%: no passive effects
@: no status effects
A: antennae 1, spiny 1
a: no special abilities


You escaped.
You visited 1 branch of the dungeon, and saw 2 of its levels.

You collected 70 gold pieces.

Inventory:

Hand Weapons
 a - a +0 falchion (weapon)
Missiles
 d - 7 boomerangs of dispersal (quivered)
 m - a throwing net
Armour
 b - a +0 leather armour (worn)
 k - a +0 buckler (worn)
Jewellery
 f - an amulet of magic regeneration
Wands
 o - a wand of flame (17)
Scrolls
 c - a scroll of blinking
 h - a scroll of teleportation {unknown}
 i - a scroll of enchant weapon {unknown}
 j - 2 scrolls of magic mapping {unknown}
 n - a scroll of identify {unknown}
Potions
 e - a potion of ambrosia {unknown}
 g - a potion of attraction {unknown}
 l - a potion of magic {unknown}


   Skills:
 - Level 2.0 Fighting
 * Level 3.7 Long Blades
 - Level 0.8 Throwing
 - Level 0.8 Armour
 - Level 1.7 Dodging
 + Level 0.9 Shields
 - Level 2.0 Spellcasting
 - Level 2.6 Translocations


You had 7 spell levels left.
You didn't know any spells.
Your spell library contained the following spells:

 Spells                   Type           Power      Damage    Failure   Level
 Blink                    Tloc           20%        N/A       19%         2
 Lesser Beckoning         Tloc           20%        N/A       19%         2
 Teleport Other           Tloc           10%        N/A       36%         3
 Ensorcelled Hibernation  Hex/Ice        2%         N/A       50%         2
 Portal Projectile        Hex/Tloc       12%        N/A       54%         3
 Vhi's Electric Charge    Tloc/Air       12%        N/A       54%         3
 Spider Form              Tmut/Pois      1%         N/A       73%         3
 Tukima's Dance           Hex            1%         N/A       73%         3
 Manifold Assault         Tloc           10%        N/A       77%         4
 Anguish                  Hex/Necr       0%         N/A       98%         4
 Blade Hands              Tmut           0%         N/A       100%        5


Dungeon Overview and Level Annotations

Branches:
Dungeon (2/15)

Altars:


Innate Abilities, Weirdness & Mutations

You have a pair of small antennae on your head.
You are partially covered in sharp spines.


Message History

You are too injured to fight recklessly!
You are too injured to fight recklessly!
You are too injured to fight recklessly!
You are too injured to fight recklessly!
You are too injured to fight recklessly!
You are too injured to fight recklessly!
You are too injured to fight recklessly!
You are too injured to fight recklessly!
You slash the worm!
The worm is heavily wounded.
You hit the worm.
The worm is heavily wounded.
The worm closely misses you.
You hit the worm.
The worm is heavily wounded.
The worm is struck by your spines. The worm bites you but does no damage.
You hit the worm.
The worm is severely wounded.
You hit the worm.
The worm is almost dead.
The worm is struck by your spines.
You kill the worm!
You have reached level 4!
You feel clever.
Your demonic ancestry asserts itself...
A pair of antennae grows on your head!
A bat comes into view.
You can't go up here!
There is a stone staircase leading up here.
You climb upwards.
There is a stone staircase leading down here.
As you open the door, it creaks loudly!
(D) Dungeon
Where to? (Enter - D:1 @ (x,y), ? - help)
There is an open door here.
You see here a +0 dagger.
HP restored.
There is an open door here.
There is a staircase leading out of the dungeon here.
Are you sure you want to leave the Dungeon?
This will make you lose the game!
You have escaped!

#.......# ##########
#........ ~~~~~~~~~##
#.......# # ~~~~~~~~~~#
#.......# #○
#~☼~~#~~~###.......#
#~~~~~~~☼~~~##..#######
#~~○ ~~~~~~~##.##
#############.#
+....@....'...#
############### #~~~
~~~~~~~# #~~~~~~~~~~~#
#~ #~~☼~#~~~# #
~~~~~~☼☼~~# ~~~~~~~○~##
##########


There were no monsters in sight!

Vanquished Creatures
  Jessica (D:2)
  3 worms (D:2)
  5 ball pythons
  2 endoplasms (D:1)
  5 goblins
  3 hobgoblins (D:1)
  4 kobolds
  3 quokkas (D:1)
  2 bats (D:1)
  A frilled lizard (D:1)
  3 rats (D:1)
32 creatures vanquished.

Notes
Turn   | Place    | Note
-------+----------+-------------------------------------------
     0 | D:1      | Alarkh the Demonspawn Warper began the quest for the Orb.
     0 | D:1      | Reached XP level 1. HP: 16/16 MP: 3/3
    27 | D:1      | Reached skill level 2 in Long Blades
   143 | D:1      | Gained mutation: You are partially covered in sharp spines.
                  | [demonic ancestry]
   143 | D:1      | Reached XP level 2. HP: 18/22 MP: 5/5
   278 | D:1      | Found a faded altar of an unknown god.
   322 | D:1      | Reached skill level 3 in Long Blades
   384 | D:1      | You fall into a shaft and drop 1 floor!
   443 | D:2      | Reached XP level 3. HP: 27/27 MP: 6/6
   613 | D:2      | Noticed Jessica
   625 | D:2      | Killed Jessica
   678 | D:2      | Gained mutation: You have a pair of small antennae on your
                  | head. [demonic ancestry]
   678 | D:2      | Reached XP level 4. HP: 17/33 MP: 7/7
   731 | D:$      | Got out of the dungeon alive.

Illustrated notes

Levels and vault maps discovered:
D:1:      saegor_arrival_miasma, layout_basic,
          hellmonk_ecumenical_altar_inner_sanctum, minmay_pentomino_v2
D:2:      layout_basic, nrook_uturn, uniq_jessica

Skill      XL: |  1  2 |
---------------+-------+-----
Long Blades    | 2 3 |  3.7
Fighting       | |  2.0
Throwing       | |  0.8
Armour         | |  0.8
Dodging        | |  1.7
Shields        | |  0.9
Spellcasting   | |  2.0
Translocations | |  2.6

Action                     |  1- 3 |  4- 6 || total
---------------------------+-------+-------++-------
  Melee: Falchion          |    79 |       ||    79
   Stab: Sleeping          |     1 |       ||     1
 Armour: Leather armour    |    12 |       ||    12
  Dodge: Dodged            |    47 |       ||    47
  Block: Buckler           |     1 |       ||     1
